 Dungeon Crawl Stone Soup version 0.24.0-13-gcf9b3192b9 (webtiles) character file.

Game seed: 17318435724061795507, levelgen mode: deterministic

3134 p0werm0de the Cleaver (level 9, 52/85 HPs)
             Began as a Deep Dwarf Fighter on Nov 10, 2019.
             Was a Plaything of Xom.
             Quit the game on level 8 of the Dungeon.
             The game lasted 00:10:38 (2170 turns).

p0werm0de the Cleaver (Deep Dwarf Fighter)          Turns: 2170, Time: 00:10:39

Health: 52/85      AC: 12    Str: 21 (23) XL:     9   Next: 61%
Magic:  0/0        EV:  7    Int:  8 (9)  God:    Xom [......]
Gold:   161        SH:  9    Dex: 11 (12) Spells: 8/8 levels left

rFire    . . .     SeeInvis .   a - +1 war axe
rCold    . . .     Gourm    .   c - +0 shield
rNeg     + . .     Faith    .   b - +0 scale mail
rPois    .         Spirit   .   z - +0 helmet
rElec    .         Reflect  .   x - +0 cloak
rCorr    .         Harm     .   u - +0 pair of gloves
MR       +....                  (no boots)
Stlth    ..........             (no amulet)
HPRegen  0.00/turn              n - ring of positive energy
MPRegen  0.07/turn              (no ring)

@: non-regenerating
A: damage resistance, heal wounds, deterioration 2, low mp 1, mutation
resistance 1, sense surroundings 2, no regeneration
a: Heal Wounds, Renounce Religion


You were on level 8 of the Dungeon.
You worshipped Xom.
You were a very special plaything of Xom.
You were not hungry.

You visited 2 branches of the dungeon, and saw 11 of its levels.

You collected 161 gold pieces.

Inventory:

Hand Weapons
 a - a +1 war axe (weapon)
Missiles
 h - 15 poisoned darts (quivered)
 j - 7 atropa-tipped darts
 l - 5 throwing nets
 v - 21 arrows
Armour
 b - a +0 scale mail (worn)
 c - a +0 shield (worn)
 s - a +1 leather armour of cold resistance
   (You took it off an orc on level 5 of the Dungeon)
 u - a +0 pair of gloves (worn)
   (You found it on level 8 of the Dungeon)
 x - a +0 cloak (worn)
   (You found it on level 7 of the Dungeon)
 z - a +0 helmet (worn)
   (You found it on level 10 of the Dungeon)
Jewellery
 n - a ring of positive energy (left hand)
   (You found it on level 7 of the Dungeon)
Wands
 o - a wand of random effects (17)
   (You took it off Ijyb on level 4 of the Dungeon)
 A - a wand of paralysis (8)
   (You found it on level 9 of the Dungeon)
 D - a wand of clouds (1)
   (You found it on level 4 of the Dungeon)
Scrolls
 i - 4 scrolls of immolation
 m - a scroll of fear
 p - a scroll of noise
 r - a scroll of identify
 t - a scroll of teleportation
 w - 2 scrolls of remove curse
 y - 2 scrolls of enchant weapon
 B - a scroll of magic mapping
 C - a scroll of silence
 E - 2 scrolls of amnesia
Potions
 d - 2 potions of might
 f - 2 potions of mutation
 g - a potion of heal wounds {unknown}
 k - 3 potions of invisibility
 q - a potion of curing
Comestibles
 e - 15 rations


   Skills:
 + Level 6.7 Fighting
 * Level 10.6 Axes
 + Level 8.2 Armour
 - Level 3.2 Shields


You had 8 spell levels left.
You didn't know any spells.
Your spell library was empty.

Dungeon Overview and Level Annotations

Branches:
Dungeon (10/15)            Temple (1/1) D:4             Orc (0/2) D:9
   Lair: D:8-11

Altars:
Ashenzari
Cheibriados
Fedhas
Gozag
Hepliaklqana
Qazlal
Ru
Sif Muna
Trog
Uskayaw
Vehumet
Wu Jian
Xom
Yredelemnul
The Shining One


Innate Abilities, Weirdness & Mutations

You are resistant to damage.
You can heal yourself by infusing magical energy.
You passively map the area around you.
You do not regenerate.
Your body often deteriorates upon taking damage.
Your magical capacity is low. (-10% MP)
You are somewhat resistant to further mutation.


Message History

Your body deteriorates!
You feel clumsy.
Your shield and scale mail prevent you from hitting the ogre.
The ogre is almost dead.
The ogre hits you with a +0 giant club.
Unknown command.
You slash the ogre!
You kill the ogre!
Things that are here:
a +0 giant club; an ogre corpse You now have 161 gold pieces (gained 13).
You open the door.
Found a long sword.
You see here a long sword.
There is an open door here.
There is a stone staircase leading down, spattered with blood here.
You climb downwards.
There is a stone staircase leading up here.
Unknown command.
Unknown command.
Are you sure you want to abandon this character and quit the game? (Confirm with "yes".)

.......# ..........,. *
>......# ,, ............
.......# .......... .
.#..#.## * * #.# ######
..#### #######
#######>####...#####....
#...<...................
#.......................
#.......................
#...[..@................
##...##...###(..##.####.
##########*######.#####
,, , #........... ,
#...........
#........... #
###++###.........
#.#§§§.≈≈#.........
#(#≈§§.⌠≈#.........


There were no monsters in sight!

Vanquished Creatures
  A two-headed ogre (D:10)
  Prince Ribbit (D:6)
  A wyvern (D:8)
  A hungry ghost (D:8)
  2 ice beasts
  A sky beast (D:7)
  A necrophage (D:10)
  2 phantoms (D:8)
  3 ogres
  2 centaurs
  A bullfrog (D:7)
  A wyvern skeleton (D:8)
  3 scorpions
  A crimson imp (D:5)
  2 jellies
  A gnoll shaman (D:4)
  2 hounds
  3 orc wizards
  Jessica (D:3)
  3 bullfrog skeletons (D:5)
  2 centaur skeletons (D:8)
  An iguana (D:5)
  Ijyb (D:4)
  8 worker ants
  A hound zombie (D:5)
  4 gnolls (D:4)
  5 adders
  A shadow imp (D:10)
  An adder skeleton (D:9)
  An adder zombie (D:7)
  A worm (D:3)
  A dart slug (D:1)
  6 leopard geckos
  17 orcs
  3 bats
  3 giant cockroaches
  2 goblins
  5 hobgoblins
  3 jackals (D:10)
  6 kobolds
  2 quokkas (D:4)
  2 frilled lizards
  A jackal skeleton (D:4)
  A jackal zombie (D:5)
  A leopard gecko skeleton (D:7)
  3 rats
115 creatures vanquished.

Notes
Turn   | Place    | Note
-------+----------+-------------------------------------------
     0 | D:1      | p0werm0de the Deep Dwarf Fighter began the quest for the
                  | Orb.
     0 | D:1      | Reached XP level 1. HP: 20/20 MP: 1/1
    51 | D:1      | Reached XP level 2. HP: 24/27 MP: 2/2
   143 | D:2      | Reached skill level 3 in Axes
   162 | D:2      | Reached XP level 3. HP: 29/34 MP: 3/3
   359 | D:4      | Found an ornate altar of the Wu Jian Council.
   406 | D:4      | Reached XP level 4. HP: 39/42 MP: 3/3
   426 | D:4      | Found a shattered altar of Ashenzari.
   436 | D:4      | Noticed an ogre
   445 | D:4      | Killed an ogre
   445 | D:4      | Reached skill level 4 in Axes
   445 | D:4      | Reached XP level 5. HP: 46/49 MP: 4/4
   451 | D:3      | Noticed Jessica
   455 | D:3      | Killed Jessica
   508 | D:4      | Noticed Ijyb
   521 | D:4      | Killed Ijyb
   521 | D:4      | Reached skill level 5 in Axes
   526 | D:4      | Reached XP level 6. HP: 43/57 MP: 5/5
   533 | D:4      | Found a staircase to the Ecumenical Temple.
   539 | Temple   | Entered the Ecumenical Temple
   548 | Temple   | Became a worshipper of Xom the Tricky
   784 | D:5      | Entered Level 5 of the Dungeon
   840 | D:5      | Found a stormy altar of Qazlal.
   853 | D:5      | Noticed an ice beast
   856 | D:5      | Reached skill level 5 in Armour
   868 | D:5      | Killed an ice beast
   868 | D:5      | Reached skill level 6 in Axes
   878 | D:5      | XOM: cast spell 'Summon Small Mammal'
   880 | D:5      | Reached XP level 7. HP: 64/66 MP: 6/6
   901 | D:5      | Found a snail-covered altar of Cheibriados.
   929 | D:5      | XOM: fog
  1014 | D:5      | XOM: god gift: 7 atropa-tipped darts
  1082 | D:6      | Noticed Prince Ribbit
  1090 | D:6      | Gained mutation: Your magical capacity is low. (-10% MP)
                  | [potion of mutation]
  1090 | D:6      | Gained mutation: Your body sometimes deteriorates upon
                  | taking damage. [potion of mutation]
  1090 | D:6      | Gained mutation: You passively map the area around you.
                  | [potion of mutation]
  1093 | D:6      | XOM: swap monsters
  1102 | D:6      | XOM: mild Necr miscast
  1111 | D:6      | Killed Prince Ribbit
  1111 | D:6      | Reached skill level 7 in Axes
  1152 | D:6      | Reached skill level 5 in Fighting
  1152 | D:6      | Reached XP level 8. HP: 24/74 MP: 6/6
  1319 | D:8      | Reached skill level 8 in Axes
  1325 | D:8      | XOM: enchant monster (good)
  1355 | D:8      | XOM: noise
  1493 | D:8      | Reached skill level 9 in Axes
  1517 | D:9      | Found a staircase to the Orcish Mines.
  1683 | D:10     | Entered Level 10 of the Dungeon
  1694 | D:10     | XOM: mild Tloc miscast
  1711 | D:10     | XOM: give mutations
  1711 | D:10     | Gained mutation: Your body often deteriorates upon taking
                  | damage. [Xom's mischief]
  1711 | D:10     | Gained mutation: You are somewhat resistant to further
                  | mutation. [Xom's mischief]
  1744 | D:10     | Noticed a two-headed ogre
  1744 | D:10     | XOM: noise
  1754 | D:10     | Killed a two-headed ogre
  1754 | D:10     | Reached skill level 10 in Axes
  1754 | D:10     | Mutation became permanent: You passively map a small area
                  | around you. [Deep Dwarf growth]
  1754 | D:10     | Gained mutation: You passively map the area around you.
                  | [Deep Dwarf growth]
  1754 | D:10     | Reached XP level 9. HP: 67/84 MP: 4/4
  1757 | D:10     | XOM: torment (38/84 hp)
  2035 | D:7      | Found a radiant altar of Vehumet.
  2108 | D:7      | XOM: harmless Conj miscast
  2170 | D:8      | Quit the game

Levels and vault maps discovered:
D:1:      evilmike_arrival_run_for_it, layout_rooms
D:2:      layout_loops_corners, gammafunk_temple_overflow_forgotten
D:3:      layout_loops_ring, uniq_jessica
D:4:      layout_loops_corners, okawaru_metal_pillars_1_2, ashenzari_altar_1,
          lemuel_doored_altar, minmay_temple_entry_arrows, uniq_ijyb
D:5:      layout_basic, lemuel_coloured_pillars_altar,
          nicolae_qazlal_eye_of_the_storm, first_ration
D:6:      layout_layer_cave, uniq_prince_ribbit1
D:7:      layout_basic, old_standard_altar, grunt_ogre_cave
D:8:      layout_gridville, kennysheep_generic_room_15
D:9:      layout_rooms, gammafunk_temple_overflow_claw, orc_0_dummy
D:10:     layout_basic
Temple:   eino_wide_crystal_templ

Skill      XL: |  1  2  3  4  5  6  7  8  9 |
---------------+----------------------------+-----
Axes           | 3 4 5 6 7 10 | 10.6
Fighting       | 3 4 5 6 |  6.7
Armour         | 4 5 6 7 8 |  8.2
Shields        | |  3.2

Action                   |  1- 3 |  4- 6 |  7- 9 || total
-------------------------+-------+-------+-------++-------
Melee: War axe           |    85 |   111 |   247 ||   443
Throw: Dart              |       |       |     3 ||     3
 Abil: Heal Wounds       |     2 |     4 |    15 ||    21
Evoke: Wand              |       |       |     3 ||     3
  Use: Potion            |       |       |     1 ||     1
       Scroll            |       |       |    12 ||    12
 Stab: Confused          |       |       |     1 ||     1
       Paralysed         |       |       |     4 ||     4
  Eat: Ration            |       |       |     4 ||     4
Armor: Scale mail        |    26 |    36 |    95 ||   157
Dodge: Dodged            |    23 |    33 |    70 ||   126
Block: Shield            |    51 |    82 |   136 ||   269
